 Dungeon Crawl Stone Soup version 0.31-a0-236-g9a0961fb85 (webtiles) character file.

Game seed: 46613555598218317

98 olmar the Gusty (level 4, 0/24 HPs)
             Began as a Tengu Air Elementalist on July 10, 2023.
             Slain by a sleepcap (7 damage)
             ... on level 3 of the Dungeon.
             The game lasted 00:05:19 (3572 turns).

olmar the Gusty (Tengu Air Elementalist)            Turns: 3572, Time: 00:05:19

Health: 0/24       AC:  2    Str:  8    XL:     4   Next: 71%
Magic:  3/9        EV: 12    Int: 18    God:
Gold:   215        SH:  0    Dex: 14    Spells: 2/8 levels left

rFire   . . .        e - +2 whip (elec)
rCold   . . .        (no shield)
rNeg    . . .        a - +0 robe
rPois   .            (helmet restricted)
rElec   .            (no cloak)
rCorr   .            (no gloves)
SInv    .            (boots unavailable)
Will    .....        (no amulet)
Stlth   ++           (no ring)
HPRegen 0.24/turn    (no ring)
MPRegen 0.11/turn

%: no passive effects
@: swift, quick
A: beak, talons 3
a: no special abilities


You were on level 3 of the Dungeon.
You visited 1 branch of the dungeon, and saw 4 of its levels.

You collected 215 gold pieces.

Inventory:

Hand Weapons
 e - a +2 whip of electrocution (weapon)
Missiles
 j - 12 poisoned darts
Armour
 a - a +0 robe (worn)
 p - a +0 pair of boots
Wands
 s - a wand of iceblast (3)
Scrolls
 c - a scroll of butterflies {unknown}
 d - a scroll of fog
 i - a scroll of blinking
 k - a scroll of immolation {unknown}
 l - a scroll of enchant armour {unknown}
 m - a scroll of teleportation
 n - 2 scrolls of identify
 o - a scroll of enchant weapon {unknown}
 r - a scroll of brand weapon
 u - a scroll of noise {unknown}
 v - 2 scrolls of fear
 w - a scroll of silence {unknown}
Potions
 b - a potion of magic
 f - a potion of lignification
 g - a potion of degeneration {unknown}
 h - 2 potions of curing
 q - a potion of enlightenment {unknown}
 t - a potion of berserk rage {unknown}


   Skills:
 + Level 0.3 Fighting
 + Level 2.2 Dodging
 + Level 2.8 Stealth
 + Level 2.8 Spellcasting
 + Level 2.6 Conjurations
 + Level 5.1 Air Magic


You had 2 spell levels left.
You knew the following spells:

 Your Spells              Type           Power      Damage    Failure   Level
a - Shock                 Conj/Air       64%        1d7       3%          1
b - Static Discharge      Conj/Air       32%        2-4/arc   4%          2
c - Swiftness             Air            21%        N/A       6%          3

Your spell library contained the following spells:

 Spells                   Type           Power      Damage    Failure   Level
 Airstrike                Air            10%        2d(2-18)  21%         4
 Malign Gateway           Summ/Tloc      1%         N/A       100%        7
 Summon Horrible Things   Summ           1%         N/A       100%        8


Dungeon Overview and Level Annotations

Branches:
Dungeon (4/15)
 Temple: D:4-7

Altars:
Ashenzari
Makhleb


Innate Abilities, Weirdness & Mutations

You have a beak for a mouth.
You have claws for feet.


Message History

The zap hits the sleepcap.
The sleepcap is lightly damaged.
The sleepcap releases spores at you!
You are engulfed in a cloud of soporific spores!
You fall asleep.
The sleepcap releases spores at you.
You wake up.
Unknown command.
The sleepcap barely misses you.
You climb upwards.
There is a stone staircase leading down here.
Unknown command.
Unknown command.
Casting: Shock (safe; 3% risk of failure)
Confirm with . or Enter, or press ? or * to list all spells.
Okay, then.
Unknown command.
Unknown command.
The sleepcap releases spores at you.
Unknown command.
Casting: Shock (safe; 3% risk of failure)
Confirm with . or Enter, or press ? or * to list all spells.
The sleepcap is struck by an arc of lightning.
The sleepcap is moderately damaged.
You are struck by an arc of lightning.
* * * LOW HITPOINT WARNING * * *
The lightning grounds out.
The sleepcap misses you.
Unknown command.
Casting: Static Discharge (safe; 4% risk of failure)
Confirm with . or Enter, or press ? or * to list all spells.
Okay, then.
Casting: Static Discharge (safe; 4% risk of failure)
Confirm with . or Enter, or press ? or * to list all spells.
The spell is quite dangerous to miscast (6% risk of failure)!
Continue anyway?
Okay, then.
Unknown command.
Casting: Swiftness (quite dangerous; 6% risk of failure)
Confirm with . or Enter, or press ? or * to list all spells.
The spell is quite dangerous to miscast (6% risk of failure)!
Continue anyway?
You feel quick. The sleepcap releases spores at you!
You die...

.............................####
.....#.......#...................
........#....#............##.##..
........#............##..........
........#....#..........#######..
..####..............###.#.....#.#
..####..##..............#.....#.#
...........#.....)#)##..#.._..'.#
...............f@)......#.....#..
#.##...###......#.#.....#.....#.#
#.##.......####>#.###)).#######.#
#.##...###.######.###...........#
#......#...)..........<[...#.#...
.........#.######.###.........<..
.......#.#.# #...............#
######.#.#.# #####...###...... #
#.#.#.#######.......##.....#


You could see a sleepcap.

Vanquished Creatures
  Robin (D:3)
  An adder (D:2)
  A worm (D:3)
  2 dart slugs
  3 orcs (D:3)
  7 endoplasms
  3 giant cockroaches
  18 goblins
  2 hobgoblins
  4 quokkas
  5 ball pythons
  5 bats
  2 frilled lizards (D:1)
  6 kobolds
  3 rats
63 creatures vanquished.

Notes
Turn   | Place    | Note
-------+----------+-------------------------------------------
     0 | D:1      | olmar the Tengu Air Elementalist began the quest for the
                  | Orb.
     0 | D:1      | Reached XP level 1. HP: 10/10 MP: 4/4
     2 | D:1      | Noticed an armataur
     2 | D:1      | Noticed a draconian
     4 | D:1      | Noticed a vine stalker
     4 | D:1      | Noticed a troll
     6 | D:1      | Noticed a gargoyle
     6 | D:1      | Noticed a demonspawn
     8 | D:1      | Noticed an octopode
     8 | D:1      | Noticed a merfolk
    10 | D:1      | Noticed an ogre
    12 | D:1      | Noticed a felid
    14 | D:1      | Noticed a minotaur
    14 | D:1      | Noticed a ghoul
    16 | D:1      | Noticed a human
    18 | D:1      | Noticed a vampire
    18 | D:1      | Noticed an elf
    20 | D:1      | Noticed a tengu
    20 | D:1      | Noticed a formicid
    22 | D:1      | Noticed a meteoran
    22 | D:1      | Noticed a demigod
    24 | D:1      | Noticed a naga
    24 | D:1      | Noticed a formicid
    26 | D:1      | Noticed a vine stalker
    26 | D:1      | Noticed a demigod
   269 | D:1      | Reached XP level 2. HP: 15/15 MP: 1/6
   636 | D:1      | Learned a level 2 spell: Static Discharge
  1268 | D:1      | Reached XP level 3. HP: 19/19 MP: 4/7
  1688 | D:2      | Learned a level 3 spell: Swiftness
  1705 | D:2      | Reached skill level 5 in Air Magic
  1928 | D:2      | Found a burning altar of Makhleb.
  2243 | D:3      | Found a broken altar of Ashenzari.
  2414 | D:3      | Reached XP level 4. HP: 17/24 MP: 5/8
  2744 | D:3      | Found a faded altar of an unknown god.
  2794 | D:3      | Identified the +7 spear of Oddin {speed, rN++ Dex+2}
  2839 | D:3      | Noticed Robin
  2880 | D:3      | Killed Robin
  3572 | D:3      | Slain by a sleepcap

Illustrated notes

Levels and vault maps discovered:
D:1:      kb_arrival_jail, layout_basic, kennysheep_small_spiral
D:2:      layout_loops_ring, basic_altar
D:3:      layout_basic, amcnicky_altar_gilded,
          chequers_ecumenical_altar_simple_redux, uniq_robin
D:4:      layout_loops_ring, minmay_temple_entry_waves

Skill      XL: |  1  2  3 |
---------------+----------+-----
Conjurations   | 2 |  2.6
Air Magic      | 5 |  5.1
Fighting       | |  0.3
Dodging        | |  2.2
Stealth        | |  2.8
Spellcasting   | |  2.8

Action                     |  1- 3 |  4- 6 || total
---------------------------+-------+-------++-------
  Melee: Whip              |    22 |    14 ||    36
         Kick              |     3 |     6 ||     9
         Peck              |     2 |     3 ||     5
         Punch             |       |     1 ||     1
   Cast: Shock             |    77 |    42 ||   119
         Static Discharge  |     3 |     2 ||     5
         Swiftness         |       |     1 ||     1
    Use: Scroll            |     2 |     3 ||     5
         Potion            |       |     2 ||     2
 Armour: Robe              |     2 |     6 ||     8
  Dodge: Dodged            |    15 |    11 ||    26

Table legend: (Time is in decaauts)
 A = Elapsed time spent in this place.
 B = Non-inter-level travel time spent in this place.
 C = Inter-level travel time spent in this place.
 D = Time resting spent in this place.
 E = Time spent auto-exploring this place.
 F = Levels seen in this place.
 G = Mean time per level.
                   A        B        C        D        E       F      G
               +--------+--------+--------+--------+--------+-----+--------+
         Total |   3575 |   3526 |     49 |    317 |   2807 |   4 |  893.8 |
       Dungeon |   3575 |   3526 |     49 |    317 |   2807 |   4 |  893.8 |
               +--------+--------+--------+--------+--------+-----+--------+

Top non-repeatable levels by time:
     D:1: 1349 daAuts
     D:3: 1296 daAuts
     D:2: 925 daAuts
     D:4: 4 daAuts
